 Dungeon Crawl Stone Soup version 0.30-a0-394-g3e4acdb0ae (webtiles) character file.

Game seed: 13470144557318352182

33137 Lobster4 the Destroyer (level 14, -5/107 (108) HPs)
             Began as a Human Conjurer on Dec 6, 2022.
             Was a High Priest of Sif Muna.
             Slain by a snapping turtle (19 damage)
             ... on level 5 of the Lair of Beasts.
             The game lasted 01:08:15 (24419 turns).

Lobster4 the Destroyer (Human Conjurer)            Turns: 24419, Time: 01:08:16

HP:   -5/107 (108)  AC: 10    Str: 14    XL:     14   Next: 6%
MP:   11/27         EV: 13    Int: 35    God:    Sif Muna [*****.]
Gold: 1025          SH:  5    Dex: 11    Spells: 19/31 levels left

rFire   . . .      SeeInvis .    a - +8 trident of Uzuttal {venom, *Noise Str+5}
rCold   . . .      Faith    .    I - +0 buckler
rNeg    . . .      Spirit   .    L - +2 robe {Will+}
rPois   .          Reflect  .    S - +0 helmet
rElec   .          Harm     .    z - +0 cloak
rCorr   .          Rampage  .    E - +1 pair of gloves
Will    ++...                    m - +0 pair of boots
Stlth   +.........               (no amulet)
HPRegen 0.37/turn                J - +6 ring of intelligence
MPRegen 0.20/turn                F - +6 ring of intelligence

@: about to teleport, spiked, frozen, lightly drained, very slow
A: no striking features
a: Renounce Religion, Channel Magic, Forget Spell, Divine Exegesis


You were on level 5 of the Lair of Beasts.
You worshipped Sif Muna.
Sif Muna was extremely pleased with you.
You visited 2 branches of the dungeon, and saw 16 of its levels.

You collected 1025 gold pieces.

Inventory:

Hand Weapons
 a - the +8 trident of Uzuttal (weapon) {venom, *Noise Str+5}
   (You found it on level 1 of the Lair of Beasts)

   It poisons the flesh of those it strikes.
   Str:       It affects your strength (+5).
   *Noise:    It may make noises in combat.
 b - a +5 sling
 h - a +0 short sword
 j - a +0 shortbow
 l - a +3 trident
 x - a +3 short sword of flaming
 Q - a +3 scimitar of flaming
Missiles
 k - 10 boomerangs
 N - 4 throwing nets
 U - 4 poisoned darts
Armour
 m - a +0 pair of boots (worn)
 z - a +0 cloak (worn)
 A - +0 acid dragon scales
 E - a +1 pair of gloves (worn)
 I - a +0 buckler (worn)
 L - a +2 robe of willpower (worn)
 R - a +1 robe of cold resistance
 S - a +0 helmet (worn)
Jewellery
 q - a ring of protection from cold
 s - a ring of flight
 F - a +6 ring of intelligence (right hand)
 H - a ring of positive energy
 J - a +6 ring of intelligence (left hand)
 P - a ring of positive energy
Wands
 t - a wand of flame (33)
 u - a wand of mindburst (1)
 v - a wand of polymorph (18)
Scrolls
 e - 2 scrolls of magic mapping
 f - 4 scrolls of immolation
 o - 3 scrolls of teleportation
 y - a scroll of enchant weapon
 D - 7 scrolls of identify
 G - a scroll of butterflies
Potions
 c - a potion of might
 g - 3 potions of flight
 r - 3 potions of resistance
 w - 5 potions of brilliance
 B - 4 potions of curing
 K - 3 potions of lignification
Miscellaneous
 T - a phantom mirror (inert)


   Skills:
 + Level 9.3 Fighting
 - Level 2.0(2.2) Axes
 - Level 1.4(2.0) Polearms
 + Level 6.9 Ranged Weapons
 - Level 1.0 Throwing
 - Level 6.0 Armour
 + Level 6.5 Dodging
 - Level 3.0 Stealth
 - Level 5.0 Shields
 + Level 9.0 Spellcasting
 * Level 12.1 Conjurations
 + Level 1.6 Hexes
 - Level 5.0 Translocations
 - Level 6.0 Invocations
 - Level 3.0 Evocations


You had 19 spell levels left.
You knew the following spells:

 Your Spells              Type           Power      Damage    Failure   Level
a - Magic Dart            Conj           100%       1d8       1%          1
b - Searing Ray           Conj           100%       2d8       1%          2
c - Iskenderun's Mystic   Conj/Tloc      66%        2d14      1%          4
d - Apportation           Tloc           100%       N/A       1%          1
e - Fulminant Prism       Conj/Hex       29%        3d14      1%          4

Your spell library contained the following spells:

 Spells                   Type           Power      Damage    Failure   Level
 Kiss of Death            Conj/Necr      100%       2d13      1%          1
 Slow                     Hex            100%       N/A       1%          1
 Static Discharge         Conj/Air       100%       2-7/arc   1%          2
 Dazzling Flash           Conj/Hex       100%       N/A       1%          3
 Hailstorm                Conj/Ice       55%        3d12      1%          3
 Portal Projectile        Hex/Tloc       78%        N/A       2%          3
 Ensorcelled Hibernation  Hex/Ice        42%        N/A       3%          2
 Passage of Golubria      Tloc           50%        N/A       4%          4
 Passwall                 Tmut/Erth      12%        N/A       5%          2
 Confusing Touch          Hex            27%        N/A       5%          3
 Tukima's Dance           Hex            27%        N/A       5%          3
 Summon Guardian Golem    Hex/Summ       21%        N/A       8%          3
 Arcjolt                  Conj/Air       27%        1d37      9%          5
 Ignite Poison            Fire/Tmut/Pois 15%        N/A       11%         3
 Swiftness                Air            15%        N/A       11%         3
 Freezing Cloud           Conj/Ice/Air   22%        6-21      19%         5
 Orb of Destruction       Conj           39%        9d11      21%         7
 Animate Dead             Necr           15%        N/A       34%         4
 Dispel Undead            Necr           15%        3d10      34%         4
 Summon Forest            Summ/Tloc      16%        N/A       34%         5
 Silence                  Hex/Air        10%        N/A       56%         5
 Summon Mana Viper        Hex/Summ       21%        N/A       56%         5
 Yara's Violent Unravell  Hex/Tmut       10%        3d6       56%         5
 Agony                    Necr           15%        N/A       67%         5
 Alistair's Intoxication  Tmut/Pois      10%        N/A       67%         5
 Blade Hands              Tmut           7%         N/A       67%         5
 Borgnjor's Vile Clutch   Necr/Erth      7%         N/A       67%         5
 Spellforged Servitor     Conj/Summ      27%        N/A       94%         7
 Death Channel            Necr           7%         N/A       99%         6
 Simulacrum               Ice/Necr       7%         N/A       99%         6
 Summon Cactus Giant      Summ           7%         N/A       99%         6
 Enfeeble                 Hex            13%        N/A       100%        7
 Maxwell's Capacitive Co  Air            7%         ∞         100%        8


Dungeon Overview and Level Annotations

Branches:
Dungeon (11/15)            Temple (0/1) D:6            Lair (5/5) D:8
  Swamp (0/4) Lair:2        Snake (0/4) Lair:3        Slime (0/5) Lair:5
    Orc (0/2) D:10

Altars:
Dithmenos
Hepliaklqana
Kikubaaqudgha
Makhleb
Nemelex Xobeh
Sif Muna
Trog
Xom
Zin
Jiyva

Shops:
D:6 *   D:7 [   D:9 *

Portals:
Trove: D:10 (show abyssal rune of Zot)

Annotations:
D:3 1 runed translucent door, Crazy Yiuf
D:10 2 transporters, Gastronok; xSliceyx's ghost, journeyman MiFi
Lair:4 exclusion: downstairs


Message History

You hear a trumpeting!
The manticore flicks its tail.
The volley of spikes hits you!!
The barbed spikes become lodged in your body.
Unknown command.
You are too injured to fight recklessly!
Unknown command.
Reach: a) +8 trident of Uzuttal {venom, *Noise Str+5}
Press: ? - help, Dir - move target, f - rime drake, p - manticore
Aim: a rime drake (about 37% to evade the +8 trident of Uzuttal)
You reach to attack!
You barely miss the rime drake. The rime drake breathes ice at you.
The icy flash freeze hits you!!
* * * LOW HITPOINT WARNING * * *
You are encased in ice.
You feel much better. The rime drake bites you.
* * * LOW HITPOINT WARNING * * *
An elephant comes into view.
Okay, then.
As you read the scroll of teleportation, it crumbles to dust.
You feel strangely unstable. You block the hell rat's attack.
The elephant tramples you!
* * * LOW HITPOINT WARNING * * *
You stumble backwards!
Splash!
You fall into the shallow water.
Moving in this stuff is going to be slow.
Found a piece from Xom's chessboard (15/15).
The rime drake bites you but does no damage.
The manticore flicks its tail.
The volley of spikes hits you.
The barbed spikes become lodged in your body.
* * * LOW HITPOINT WARNING * * *
You hear a trumpeting!
The barbs in your skin will harm you if you move.
Continue?
Okay, then.
You feel better. The rime drake misses you. The elephant closely misses you.
The elephant barely misses you.
The snapping turtle bites you from afar!!
You die...

.......... .. . ~
~~.......#..J.... #. ~~}
........_> ... ~##~.
.....#.......# .
~~~.#.............. ~
H.#.!............. ##
#.t.#......k#.#... m
~~P#~##~r...........?...
#
P8~PP~.@YY..P#......÷b..
# ~8~~~~~.k#....#
#...÷#Y. #
~~~#~##.r...Y...#.P<#..r
##.###8 ~ ~.
#~......Y#.P..J...
P~~~PH ~~~
.~#.†......÷b..$rJ
..~..~ ~#
~~.###........(...Y
~#~~~~ ##~#
......###.#.. ##.#~##
#### #~. ^........Y.#
~.~~P~ ~.~~~
..###P.#####


You could see 4 elephants, a snapping turtle, a manticore, a rime drake and 2
hell rats.

Vanquished Creatures
  2 hydras
  Erica (Lair:1)
  Pikel (D:5)
  A deep elf pyromancer (D:9)
  2 cyclopes (D:11)
  12 elephants
  Joseph (D:7)
  A torpor snail (Lair:3)
  4 black mambas
  Maurice (D:8)
  3 centaur zombies (D:9)
  10 cane toads
  2 centaur skeletons (D:9)
  Maggie (D:7)
  2 rime drakes (Lair:3)
  3 komodo dragons
  A redback zombie (D:9)
  2 hellwings (D:9)
  2 trolls
  A polar bear (Lair:2)
  A tyrant leech (Lair:2)
  3 hornets
  4 blink frogs (Lair:3)
  Sigmund (D:3)
  2 vampires
  3 wyverns
  2 wraiths
  37 yaks
  3 basilisks
  An unseen horror simulacrum (D:10)
  Grum (D:8)
  3 vampire mosquitoes (D:10)
  3 nagas (Lair:3)
  3 acid dragons
  2 swamp worms (Lair:2)
  9 water moccasins
  Duvessa (D:6)
  2 sky beasts (D:6)
  2 black bears
  An ice beast (D:7)
  An ogre (D:6)
  9 wolves
  A phantom (D:4)
  3 centaurs
  10 bullfrogs
  7 gnoll sergeants
  A necrophage (D:5)
  3 scorpions (D:5)
  4 wights (D:8)
  Dowan (D:6)
  4 killer bees (D:9)
  2 howler monkeys
  3 electric eels
  A hound (D:4)
  5 orc priests
  A gnoll bouda (D:5)
  3 jellies
  2 iguanas
  Natasha (thrice) (D:3)
  6 orc wizards
  14 hell rats
  19 gnolls
  9 adders
  5 shadow imps
  5 ufetubi
  A worm (D:3)
  9 dart slugs (D:5)
  43 orcs
  7 endoplasms
  A giant cockroach (D:2)
  7 goblins
  14 hobgoblins
  6 jackals (D:2)
  4 quokkas
  8 ball pythons
  7 bats
  6 frilled lizards
  6 kobolds
  8 rats
386 creatures vanquished.

Vanquished Creatures (others)
  A cane toad (Lair:5)
  A hell rat (Lair:5)
  A fulminant prism (Lair:4)
  37 fungi
  51 plants
  8 withered plants (D:9)
99 creatures vanquished.

Grand Total: 485 creatures vanquished

Notes
Turn   | Place    | Note
-------+----------+-------------------------------------------
     0 | D:1      | Lobster4 the Human Conjurer began the quest for the Orb.
     0 | D:1      | Reached XP level 1. HP: 13/13 MP: 3/3
   318 | D:1      | Reached XP level 2. HP: 20/20 MP: 3/5
   321 | D:1      | Learned a level 2 spell: Searing Ray
   976 | D:1      | Reached XP level 3. HP: 25/25 MP: 6/6
  1180 | D:2      | Reached skill level 1 in Fighting
  1544 | D:2      | Reached XP level 4. HP: 32/32 MP: 2/7
  1671 | D:2      | Reached skill level 1 in Armour
  1842 | D:2      | Learned a level 1 spell: Apportation
  1948 | D:2      | Found a shimmering blue altar of Sif Muna.
  1957 | D:2      | Became a worshipper of Sif Muna the Loreminder
  2298 | D:3      | Noticed Natasha
  2692 | D:3      | Killed Natasha
  2693 | D:3      | Reached XP level 5. HP: 19/37 MP: 2/8
  2885 | D:2      | Reached * piety under Sif Muna
  2999 | D:3      | Noticed Natasha
  3003 | D:3      | Killed Natasha
  3004 | D:3      | Reached skill level 1 in Translocations
  3137 | D:3      | Reached XP level 6. HP: 38/44 MP: 3/10
  3204 | D:3      | Noticed Natasha
  3210 | D:3      | Killed Natasha
  3211 | D:3      | Reached skill level 1 in Invocations
  3270 | D:3      | Found a sparkling altar of Nemelex Xobeh.
  3273 | D:3      | Noticed Sigmund
  3282 | D:3      | Killed Sigmund
  3283 | D:3      | Reached XP level 7. HP: 34/50 MP: 2/11
  3430 | D:3      | Found a runed translucent door.
  3431 | D:3      | Noticed Crazy Yiuf
  3538 | D:3      | Reached skill level 1 in Evocations
  4489 | D:3      | Found a runed translucent door.
  4521 | D:3      | Found a sparkling altar of Nemelex Xobeh.
  4878 | D:4      | Reached skill level 1 in Axes
  5347 | D:4      | Reached skill level 5 in Conjurations
  5410 | D:4      | Found a shadowy altar of Dithmenos.
  5411 | D:4      | Noticed a shadow
  5416 | D:4      | Found a hazy altar of Hepliaklqana.
  5541 | D:4      | Found a shimmering altar of Xom.
  5680 | D:4      | Reached ** piety under Sif Muna
  5938 | D:5      | Entered Level 5 of the Dungeon
  5946 | D:5      | Reached XP level 8. HP: 52/57 MP: 13/13
  6169 | D:5      | Reached skill level 1 in Ranged Weapons
  6487 | D:5      | Noticed Pikel
  6638 | D:5      | Killed Pikel
  6639 | D:5      | Reached XP level 9. HP: 64/64 MP: 11/15
  7514 | D:6      | Noticed Dowan
  7574 | D:6      | Found Lerghorro's Lightly-Used Armoury.
  7634 | D:6      | Found a staircase to the Ecumenical Temple.
  8186 | D:6      | Reached skill level 6 in Conjurations
  8250 | D:6      | Noticed Duvessa
  8255 | D:6      | Killed Duvessa
  8255 | D:6      | Reached *** piety under Sif Muna
  8256 | D:6      | Reached skill level 5 in Spellcasting
  8261 | D:6      | Killed Dowan
  8623 | D:6      | Learned a level 4 spell: Iskenderun's Mystic Blast
  8649 | D:7      | Found Horah's Antique Armour Shoppe.
  8819 | D:7      | Noticed a troll
  8895 | D:7      | Killed a troll
  9068 | D:7      | Reached XP level 10. HP: 73/73 MP: 10/17
  9202 | D:7      | Noticed Joseph
  9219 | D:7      | Killed Joseph
  9552 | D:7      | Noticed Maggie
  9569 | D:7      | Killed Maggie
  9712 | D:7      | Reached skill level 5 in Fighting
  9791 | D:7      | Noticed an angel
  9792 | D:7      | Found a glowing silver altar of Zin.
  9851 | D:7      | Found a burning altar of Makhleb.
  9852 | D:7      | Found an ancient bone altar of Kikubaaqudgha.
  9984 | D:8      | Found a staircase to the Lair.
  9995 | D:8      | Reached skill level 5 in Armour
 10152 | D:8      | Reached skill level 1 in Shields
 10275 | D:8      | Noticed Grum
 10293 | D:8      | Killed Grum
 10297 | D:8      | Reached skill level 5 in Invocations
 10401 | D:8      | Noticed Maurice
 10409 | D:8      | Killed Maurice
 10726 | D:8      | Reached skill level 7 in Conjurations
 11546 | D:9      | Found Acvautab's Mayhem Merchandise.
 11582 | D:9      | Noticed a deep elf pyromancer
 11609 | D:9      | Killed a deep elf pyromancer
 11610 | D:9      | Reached XP level 11. HP: 42/81 MP: 2/20
 11808 | D:9      | Reached skill level 5 in Translocations
 12475 | D:9      | Reached **** piety under Sif Muna
 13508 | D:9      | Reached skill level 8 in Conjurations
 13593 | D:10     | Entered Level 10 of the Dungeon
 14118 | D:10     | Found a portal to a secret trove of treasure.
 14198 | D:10     | Noticed xSliceyx's ghost (journeyman MiFi)
 14202 | D:10     | Found a transporter.
 14215 | D:10     | Reached skill level 1 in Throwing
 14359 | D:10     | Noticed a two-headed ogre
 14361 | D:10     | Found a bloodstained altar of Trog.
 14365 | D:10     | Noticed a moth of wrath
 14373 | D:10     | Found a transporter.
 14373 | D:10     | Noticed a two-headed ogre
 14375 | D:10     | Noticed a tengu warrior
 14385 | D:10     | Noticed a two-headed ogre
 14560 | D:10     | Noticed Gastronok
 14592 | D:10     | Found a staircase to the Orcish Mines.
 15141 | D:11     | Noticed a cyclops
 15141 | D:11     | Noticed a cyclops
 15329 | D:10     | Reached XP level 12. HP: 76/91 MP: 16/22
 15877 | D:11     | Noticed a boulder beetle
 16016 | D:11     | Reached skill level 9 in Conjurations
 16246 | Lair:1   | Entered Level 1 of the Lair of Beasts
 16335 | Lair:1   | Identified the +8 trident of Uzuttal {venom, *Noise Str+5}
 16481 | Lair:1   | Reached skill level 5 in Shields
 16601 | Lair:1   | Noticed Erica
 16961 | Lair:1   | Reached skill level 1 in Polearms
 17010 | Lair:1   | Killed Erica
 17637 | Lair:2   | Reached skill level 10 in Conjurations
 17651 | Lair:2   | Reached ***** piety under Sif Muna
 17652 | Lair:2   | Reached skill level 5 in Ranged Weapons
 18536 | Lair:2   | Reached XP level 13. HP: 87/98 MP: 10/25
 19129 | Lair:2   | Reached skill level 5 in Dodging
 19200 | Lair:2   | Received a gift from Sif Muna
 19201 | Lair:2   | Got Sif Muna's Vellum of the Chill and the Tempest {god
                  | gift}
 19565 | Lair:2   | Found a staircase to the Swamp.
 20527 | Lair:3   | Reached skill level 11 in Conjurations
 21153 | Lair:3   | Noticed an eight-headed hydra
 21160 | Lair:3   | Killed an eight-headed hydra
 21946 | Lair:3   | Found a staircase to the Snake Pit.
 22458 | Lair:3   | Got the Spellbook of the Charming Blizzard
 23253 | Lair:4   | Learned a level 4 spell: Fulminant Prism
 23258 | Lair:4   | Noticed a four-headed hydra
 23267 | Lair:4   | Noticed an eight-headed hydra
 23268 | Lair:4   | Killed a four-headed hydra
 23462 | Lair:4   | Got Sif Muna's Disquisition on the Assassin and the Nimbus
 23701 | Lair:4   | Reached skill level 1 in Hexes
 24094 | Lair:5   | Entered Level 5 of the Lair of Beasts
 24139 | Lair:5   | Reached skill level 12 in Conjurations
 24149 | Lair:4   | Reached XP level 14. HP: 95/108 MP: 4/27
 24368 | Lair:5   | Found a staircase to the Slime Pits.
 24368 | Lair:5   | Found a viscous altar of Jiyva.
 24416 | Lair:5   | HP: 5/107 [rime drake/icy flash freeze (28)]
 24419 | Lair:5   | Slain by a snapping turtle

Illustrated notes

Levels and vault maps discovered:
D:1:      elethiomel_arrival_maze, layout_rooms, nicolae_hexahallways,
          kennysheep_doodads
D:2:      layout_loops_cross, basic_altar, guppyfry_early_orc_mine
D:3:      layout_rooms, nemelex_xobeh_ov_fountains_minmay,
          pf_guarded_unrand_woodcutter, uniq_crazy_yiuf_cottage, uniq_sigmund,
          uniq_natasha
D:4:      layout_gridville, mainiacjoe_overflow_tiny_flanked,
          riverfiend_overflow_shadow_ancestor
D:5:      kennysheep_slugbush, layout_rooms, grunt_ministairs_2,
          minmay_fractal_squares_diagonal_5, uniq_pikel
D:6:      layout_basic, minmay_temple_entry_hall, minmay_shop_damaged,
          uniq_duvessa
D:7:      layout_basic, zin_angel, gammafunk_temple_overflow_wave, serial_shops,
          shop_fountains, dreamdust_mushroom_princess, uniq_maggie, uniq_joseph
D:8:      layout_rooms, david_lair_generic, kennysheep_big_empty_room,
          uniq_maurice, uniq_grum
D:9:      cheibrodos_grave_circle, layout_loops_ring, minmay_shop_mayhem,
          kennysheep_generic_room_5
D:10:     layout_roguey, orc_0_dummy, serial_ice, serial_ice_c, serial_ice_e,
          serial_ice_o, serial_ice_d, nicolae_trove_entry_diagonal,
          gammafunk_ghost_wrathful_warriors, uniq_gastronok, uniq_sonja,
          uniq_harold
D:11:     minmay_the_grid_triangle_9x9_recursive_3_mashed
          [minmay_the_grid_triangle_9x9_flanged_cone,
          minmay_the_grid_triangle_9x9_semitri,
          minmay_the_grid_triangle_9x9_windchime,
          minmay_the_grid_triangle_9x9_prize_special,
          minmay_the_grid_triangle_9x9_zippers_vertical,
          minmay_the_grid_triangle_9x9_limited_checkers,
          minmay_the_grid_triangle_9x9_longest,
          minmay_the_grid_triangle_9x9_odd_lines,
          minmay_the_grid_triangle_9x9_descending_squares], layout_basic,
          minivault_27
Lair:1:   layout_gridlike, uniq_erica
Lair:2:   layout_regular_city, minmay_swamp_entry_worms, grunt_megastairs_1
Lair:3:   hellmonk_ruined_rings, layout_hall_layers,
          minmay_snake_entry_guardpost_small
Lair:4:   layout_cave_pods
Lair:5:   gammafunk_lair_ancient_temple, layout_loops_ring,
          nicolae_slime_entry_slimehenge, gammafunk_lair_bear_cave,
          serial_bayou_shore_b

Skill      XL: |  1  2  3  4  5  6  7  8  9 10 11 12 13 |
---------------+----------------------------------------+-----
Fighting       | 1 2 3 4 5 7 8 9 |  9.3
Armour         | 1 2 3 4 5 6 |  6.0
Stealth        | 3 |  3.0
Translocations | 1 2 3 4 5 |  5.0
Invocations    | 1 2 3 4 5 6 |  6.0
Dodging        | 3 4 6 |  6.5
Spellcasting   | 3 4 5 6 7 8 9 |  9.0
Evocations     | 1 3 |  3.0
Axes           | 1 2 |  2.0
Conjurations   | 5 6 7 8 10 12 | 12.1
Ranged Weapons | 2 3 4 5 6 |  6.9
Shields        | 2 4 5 |  5.0
Throwing       | 1 |  1.0
Polearms       | 1 |  1.4
Hexes          | 1 |  1.6

Action                   |  1- 3 |  4- 6 |  7- 9 | 10-12 | 13-15 || total
-------------------------+-------+-------+-------+-------+-------++-------
Melee: Short sword       |    11 |       |       |     1 |       ||    12
       Trident           |       |    53 |       |       |    50 ||   103
       Punch             |       |     1 |       |       |       ||     1
       Battleaxe         |       |       |    14 |       |       ||    14
 Fire: Sling             |       |       |    57 |    28 |    33 ||   118
 Cast: Magic Dart        |    42 |    31 |    80 |    94 |    65 ||   312
       Searing Ray       |     8 |    16 |    58 |   165 |    74 ||   321
       Iskenderun's Myst |       |       |       |     7 |    63 ||    70
       Fulminant Prism   |       |       |       |       |     1 ||     1
Evoke: Wand              |       |     3 |    10 |    21 |     2 ||    36
       Phantom mirror    |       |       |       |       |     1 ||     1
  Use: Scroll            |       |     4 |    11 |    12 |     8 ||    35
       Potion            |       |       |       |     6 |    10 ||    16
 Stab: Sleeping          |     1 |     2 |       |     1 |       ||     4
Armor: Robe              |     5 |    25 |     5 |   121 |    70 ||   226
       Leather armour    |       |       |    16 |       |       ||    16
       Acid dragon scale |       |       |       |     5 |       ||     5
Dodge: Dodged            |    14 |    69 |    65 |   190 |   139 ||   477
Block: Buckler           |       |       |       |    25 |    71 ||    96

Table legend: (Time is in decaauts)
 A = Elapsed time spent in this place.
 B = Non-inter-level travel time spent in this place.
 C = Inter-level travel time spent in this place.
 D = Time resting spent in this place.
 E = Time spent auto-exploring this place.
 F = Levels seen in this place.
 G = Mean time per level.
                   A        B        C        D        E       F      G
               +--------+--------+--------+--------+--------+-----+--------+
         Total |  24514 |  23437 |   1077 |   6675 |  12980 |  16 | 1532.1 |
       Dungeon |  16303 |  15577 |    726 |   3457 |   9613 |  11 | 1482.1 |
          Lair |   8211 |   7860 |    351 |   3218 |   3367 |   5 | 1642.2 |
               +--------+--------+--------+--------+--------+-----+--------+

Top non-repeatable levels by time:
  Lair:2: 2751 daAuts
     D:3: 2196 daAuts
  Lair:3: 2161 daAuts
     D:8: 1957 daAuts
     D:9: 1829 daAuts
  Lair:1: 1759 daAuts
     D:5: 1536 daAuts
  Lair:4: 1470 daAuts
    D:10: 1356 daAuts
     D:4: 1288 daAuts
     D:2: 1252 daAuts
    D:11: 1233 daAuts
     D:6: 1232 daAuts
     D:1: 1220 daAuts
     D:7: 1200 daAuts
